 Dungeon Crawl Stone Soup version 0.28.0-45-g0d030f2227 (webtiles) character file.

Game seed: 6915406279863019352

15913 bobregger the Fighter (level 12, -1/137 HPs)
             Began as an Ogre Berserker on Apr 18, 2022.
             Was an Elder of Trog.
             Slain by a slime creature (15 damage)
             ... on level 11 of the Dungeon.
             The game lasted 00:23:04 (17179 turns).

bobregger the Fighter (Ogre Berserker)             Turns: 17179, Time: 00:23:05

Health: -1/137     AC: 13    Str: 24    XL:     12   Next: 32%
Magic:  12/12      EV: 17    Int:  8    God:    Trog [****..]
Gold:   725        SH:  0    Dex: 12    Spells: 11/11 levels left

rFire   . . .      SeeInvis .   y - +2 flail (protect)
rCold   . . .      Faith    .   (no shield)
rNeg    . . .      Spirit   .   b - +0 animal skin
rPois   .          Reflect  .   (helmet restricted)
rElec   .          Harm     .   z - +2 cloak {rCorr}
rCorr   +          Rampage  .   (gloves unavailable)
Will    +....                   (boots unavailable)
Stlth   ++........              (no amulet)
HPRegen 0.32/turn               p - +4 ring of evasion
MPRegen 0.13/turn               u - ring of resist corrosion

@: under a protective aura, on berserk cooldown, slowed, very slow
A: large, unfitting armour, tough skin 1
a: Renounce Religion, Berserk, Trog's Hand, Brothers in Arms


You were on level 11 of the Dungeon.
You worshipped Trog.
Trog was greatly pleased with you.
You visited 1 branch of the dungeon, and saw 12 of its levels.

You collected 725 gold pieces.

Inventory:

Hand Weapons
 c - a +0 giant spiked club
 y - a +2 flail of protection (weapon)
Missiles
 n - a throwing net (quivered)
Armour
 b - a +0 animal skin (worn)
 z - a +2 cloak of preservation (worn)
Jewellery
 p - a +4 ring of evasion (left hand)
 u - a ring of resist corrosion (right hand)
Wands
 v - a wand of charming (8)
 x - a wand of flame (43)
 C - a wand of iceblast (4)
Scrolls
 a - a scroll of fog
 d - a scroll of enchant armour
 e - a scroll of torment
 f - 2 scrolls of holy word
 g - a scroll of silence
 h - 4 scrolls of immolation
 k - 2 scrolls of amnesia
 m - 2 scrolls of magic mapping
 q - 2 scrolls of fear
 s - 8 scrolls of identify
 t - 2 scrolls of vulnerability
 D - a scroll of blinking
Potions
 i - 2 potions of berserk rage
 j - 3 potions of attraction
 l - 7 potions of curing
 o - a potion of heal wounds
 r - a potion of invisibility
 w - a potion of haste
 A - 2 potions of brilliance
 B - a potion of flight


   Skills:
 + Level 13.7 Fighting
 + Level 12.0 Maces & Flails
 + Level 9.8 Dodging
 - Level 4.0 Stealth


You had 11 spell levels left.
You didn't know any spells.
Your spell library was empty.

Dungeon Overview and Level Annotations

Branches:
Dungeon (12/15)            Temple (0/1) D:4            Lair (0/6) D:8
    Orc (0/2) D:11

Altars:
Kikubaaqudgha
Qazlal
Trog
Xom

Shops:
D:1 !


Innate Abilities, Weirdness & Mutations

You are too large for most types of armour.
You have tough skin. (AC +1)


Message History

The slime creature hits you! The slime creature hits you.
* * * LOW HITPOINT WARNING * * *
Your Maces & Flails skill increases to level 12!
You bludgeon the slime creature!!
The slime creature is moderately wounded.
You bludgeon the slime creature!!
The slime creature is severely wounded.
The slime creature hits you.
* * * LOW HITPOINT WARNING * * *
The slime creature hits you but does no damage.
You sock the slime creature!
The slime creature is almost dead.
The slime creature misses you.
You hit the slime creature.
The slime creature is almost dead.
The slime creature hits you!
* * * LOW HITPOINT WARNING * * *
You sock the slime creature!
You kill the slime creature!
Trog accepts your kill.
The slime creature hits you but does no damage.
You barely miss the slime creature.
You are no longer berserk.
You are exhausted.
You feel yourself slow down.
You hit the slime creature.
The slime creature is lightly wounded.
The slime creature hits you!
* * * LOW HITPOINT WARNING * * *
You hit the slime creature.
The slime creature is lightly wounded.
The slime creature misses you.
You hit the slime creature.
The slime creature is lightly wounded.
The slime creature hits you but does no damage.
The slime creature barely misses you.
You hit the slime creature.
The slime creature is lightly wounded.
The slime creature hits you!
You die...

..'....#####...#...........#
..#..>.#...#...#...###'#...#
..#....#...#...#...#...#..##
..#....'...#...#...#...#..#
.>#....#...#.###...#...#..#
..###..#...#.+.....#...#..#
....#..#...#.#.....#...#..#
....#..#...#.#####.###'#..#
....#..###+#....@#........#
....#..........J.#.....[..#
....#............#........#
....#............'........###
....#............#..........#
#...#............+..........#
#...#.....#####..#..........#
#...#.....#...#..'..รท.......#
#...+.<...#...#..#..........#


You could see a slime creature.

Vanquished Creatures
  A hydra (D:6)
  A boulder beetle (D:9)
  2 two-headed ogres
  A deep troll (shapeshifter) (D:8)
  A deep elf pyromancer (D:9)
  A manticore (D:11)
  A cyclops (D:11)
  2 slime creatures (D:11)
  Joseph (D:8)
  A guardian serpent (shapeshifter) (D:8)
  Maurice (D:8)
  A kobold demonologist (D:9)
  A polar bear (D:9)
  3 trolls
  A hornet (shapeshifter) (D:7)
  Sigmund (D:2)
  18 yaks
  2 wyverns (D:8)
  Edmund (D:5)
  Menkaure (D:5)
  6 water moccasins
  An ice beast (D:9)
  4 orc warriors
  2 sky beasts
  A hornet zombie (D:8)
  2 ogres (D:8)
  3 black bears
  A necrophage (D:7)
  A wolf (D:9)
  10 centaurs
  A phantom (D:7)
  2 kobold brigands
  3 bullfrogs
  2 scorpions
  A hornet simulacrum (D:9)
  11 killer bees
  9 wights
  2 electric eels (D:9)
  2 howler monkeys
  3 centaur zombies
  A bullfrog zombie (D:6)
  8 orc priests
  2 hounds (D:7)
  A jelly (D:4)
  A centaur skeleton (D:5)
  A gnoll shaman (D:8)
  4 iguanas
  Natasha (thrice) (D:2)
  4 orc wizards
  A killer bee zombie (D:8)
  Robin (D:3)
  4 gnolls (D:8)
  3 adders
  A shadow imp (D:8)
  3 white imps (D:9)
  3 ufetubi
  2 adder skeletons (D:4)
  A worm (D:3)
  2 dart slugs (D:1)
  52 orcs
  6 endoplasms
  5 giant cockroaches
  12 goblins
  8 hobgoblins
  4 jackals
  18 kobolds
  4 quokkas
  7 ball pythons
  6 bats
  5 frilled lizards
  7 rats
289 creatures vanquished.

Vanquished Creatures (collateral kills)
  A wight (D:7)
1 creature vanquished.

Vanquished Creatures (others)
  An orc (D:9)
  2 fungi (D:8)
  5 plants (D:8)
8 creatures vanquished.

Grand Total: 298 creatures vanquished

Notes
Turn   | Place    | Note
-------+----------+-------------------------------------------
     0 | D:1      | bobregger the Ogre Berserker began the quest for the Orb.
     0 | D:1      | Reached XP level 1. HP: 24/24 MP: 1/1
    31 | D:1      | Found Ytiah's Distillery.
   326 | D:1      | Reached XP level 2. HP: 24/32 MP: 2/2
  1215 | D:2      | Reached XP level 3. HP: 40/40 MP: 3/3
  1244 | D:2      | Found a shimmering altar of Xom.
  1279 | D:2      | Noticed Sigmund
  1290 | D:2      | Killed Sigmund
  1291 | D:2      | Reached skill level 5 in Fighting
  1291 | D:2      | Reached XP level 4. HP: 46/50 MP: 4/4
  1291 | D:2      | Reached XP level 5. HP: 52/57 MP: 5/5
  1409 | D:2      | Noticed Natasha
  1411 | D:2      | Found a faded altar of an unknown god.
  1414 | D:2      | Killed Natasha
  1490 | D:2      | Noticed Natasha
  1501 | D:2      | Killed Natasha
  1502 | D:2      | Reached XP level 6. HP: 42/66 MP: 6/6
  1553 | D:2      | Noticed Natasha
  1561 | D:2      | Killed Natasha
  2340 | D:3      | Reached ** piety under Trog
  2383 | D:3      | Noticed Robin
  2391 | D:3      | Killed Robin
  2680 | D:3      | Noticed a sky beast
  2698 | D:3      | Killed a sky beast
  2699 | D:3      | Reached skill level 5 in Maces & Flails
  2936 | D:3      | Found a bloodstained altar of Trog.
  3029 | D:3      | Found a stormy altar of Qazlal.
  3029 | D:3      | Found an ancient bone altar of Kikubaaqudgha.
  3345 | D:3      | Reached XP level 7. HP: 74/74 MP: 7/7
  4091 | D:4      | Reached skill level 6 in Fighting
  4091 | D:4      | Reached skill level 1 in Stealth
  4240 | D:4      | Identified the +7 whip of Sharkskin {chaos, Str+3}
  4453 | D:4      | Found a staircase to the Ecumenical Temple.
  4602 | D:4      | Reached *** piety under Trog
  4656 | D:5      | Entered Level 5 of the Dungeon
  4920 | D:5      | Noticed Edmund
  4929 | D:5      | Killed Edmund
  4930 | D:5      | Reached XP level 8. HP: 84/84 MP: 8/8
  4941 | D:5      | Noticed Menkaure
  4945 | D:5      | Killed Menkaure
  5438 | D:6      | Reached skill level 7 in Fighting
  5772 | D:6      | Reached skill level 5 in Dodging
  5825 | D:6      | Noticed a seven-headed hydra
  5842 | D:6      | Killed a seven-headed hydra
  5843 | D:6      | Reached skill level 8 in Fighting
  5843 | D:6      | Reached XP level 9. HP: 45/96 MP: 9/9
  6801 | D:7      | Noticed a two-headed ogre
  6826 | D:7      | Killed a two-headed ogre
  6827 | D:7      | Reached skill level 9 in Fighting
  7143 | D:7      | Reached XP level 10. HP: 90/107 MP: 10/10
  7982 | D:7      | Reached skill level 10 in Fighting
  9698 | D:7      | Reached skill level 10 in Maces & Flails
  9856 | D:8      | Noticed a glowing shapeshifter
  9856 | D:8      | a yak changed into a glowing shapeshifter
  9857 | D:8      | Noticed a deep troll
  9857 | D:8      | a glowing shapeshifter changed into a deep troll
  9864 | D:8      | Killed a deep troll
  9865 | D:8      | Reached skill level 11 in Fighting
  9879 | D:8      | Reached XP level 11. HP: 64/120 MP: 11/11
 10256 | D:8      | Found a staircase to the Lair.
 10438 | D:8      | Reached **** piety under Trog
 10635 | D:8      | Noticed Joseph
 10660 | D:8      | Killed Joseph
 11101 | D:8      | Noticed Maurice
 11118 | D:8      | Killed Maurice
 11878 | D:9      | Noticed a boulder beetle
 11892 | D:9      | Killed a boulder beetle
 11893 | D:9      | Reached skill level 12 in Fighting
 11955 | D:9      | Noticed a deep elf pyromancer
 11965 | D:9      | Killed a deep elf pyromancer
 12146 | D:10     | Entered Level 10 of the Dungeon
 13903 | D:10     | Noticed a two-headed ogre
 13922 | D:10     | Killed a two-headed ogre
 14230 | D:10     | Noticed a lindwurm
 14627 | D:10     | Reached skill level 13 in Fighting
 14641 | D:10     | Reached XP level 12. HP: 99/136 MP: 12/12
 16928 | D:11     | Found a staircase to the Orcish Mines.
 17179 | D:11     | Slain by a slime creature

Illustrated notes

Levels and vault maps discovered:
D:1:      dpeg_arrival_long_road, layout_loops_cross, serial_shops, shop,
          minmay_hedge_maze, hex_medium
D:2:      layout_basic, shapermc_ecumenical_altar_gd, basic_altar,
          chequers_serial_rivers_large_a, kennysheep_generic_room_13,
          uniq_natasha, uniq_sigmund
D:3:      layout_loops_ring, trog_butcher_becter,
          amethyst_overflow_temple_binary, minmay_increasing_density, uniq_robin
D:4:      layout_basic, minmay_temple_entry_slanted
D:5:      layout_cave_pools, uniq_edmund, uniq_menkaure
D:6:      layout_basic
D:7:      layout_basic, kennysheep_small_circle
D:8:      layout_basic, minmay_lair_entry_grove, special_room
          [special_room_orc], uniq_maurice, uniq_joseph
D:9:      layout_irregular_city, serial_ice, serial_ice_e, serial_ice_d,
          serial_ice_i, serial_ice_f, palyth_stone_intersect,
          nzn_sisyphean_effort
D:10:     layout_basic, enter_bailey_5, minmay_lindwurm_lava
D:11:     layout_irregular_city, orc_0_dummy
D:12:     layout_roguey

Skill      XL: |  1  2  3  4  5  6  7  8  9 10 11 12 |
---------------+-------------------------------------+-----
Maces & Flails | 3 4 5 6 7 9 10 11 12 | 12.0
Dodging        | 3 4 5 6 7 9 |  9.8
Fighting       | 5 6 8 9 11 13 | 13.7
Stealth        | 1 2 3 4 |  4.0

Action                   |  1- 3 |  4- 6 |  7- 9 | 10-12 || total
-------------------------+-------+-------+-------+-------++-------
Melee: Mace              |    65 |   156 |    50 |       ||   271
       Punch             |     3 |     2 |     4 |    18 ||    27
       Whip              |       |       |   170 |   264 ||   434
       Flail             |       |       |       |   468 ||   468
Invok: Berserk           |     1 |     2 |     7 |    15 ||    25
  Use: Scroll            |       |     8 |     9 |     9 ||    26
       Potion            |       |       |     3 |     5 ||     8
 Stab: Sleeping          |       |     2 |       |     2 ||     4
       Confused          |       |       |     2 |       ||     2
Armor: Animal skin       |    16 |    60 |    63 |   185 ||   324
       Skin              |       |       |       |    26 ||    26
Dodge: Dodged            |    37 |   101 |   143 |   748 ||  1029
